 Dungeon Crawl Stone Soup version 0.31-a0-216-g22e908d (webtiles) character file.

Game seed: 8680396402059115436

105 lyrin the Shooter (level 5, -2/39 HPs)
             Began as a Djinni Hunter on July 2, 2023.
             Slain by a gnoll
             ... wielding a +0 flail
              (5 damage)
             ... on level 3 of the Dungeon.
             The game lasted 00:04:56 (3392 turns).

lyrin the Shooter (Djinni Hunter)                   Turns: 3392, Time: 00:04:56

Health: -2/39      AC:  3    Str: 10    XL:     5   Next: 8%
Gold:   125        EV: 12    Int: 12    God:
                   SH:  0    Dex: 17

rFire   + + +        s - +0 falchion (heavy)
rCold   x . .        (no shield)
rNeg    . . .        c - +0 leather armour
rPois   ∞            (no helmet)
rElec   .            (no cloak)
rCorr   .            (no gloves)
SInv    .            (boots unavailable)
Will    .....        (no amulet)
Stlth   ++           n - ring of protection from fire
HPRegen 0.26/turn    (no ring)
MPRegen 0.00/turn

%: infuse magic (-3 HP)
@: flying
A: sickness immunity, fire resistance 2, cold vulnerability 1, float, innate
caster, HP casting, extra vitality 1
a: no special abilities


You were on level 3 of the Dungeon.
You visited 1 branch of the dungeon, and saw 4 of its levels.

You collected 125 gold pieces.

Inventory:

Hand Weapons
 h - the +4 hand axe of Massacring {freeze, Int+4 Dex+4}
   (You found it on level 2 of the Dungeon)

   Int:       It affects your intelligence (+4).
   Dex:       It affects your dexterity (+4).
 m - a +0 whip of electrocution
 s - a +0 heavy falchion (weapon)
 w - a +0 orcbow
Missiles
 d - 20 poisoned darts
Armour
 c - a +0 leather armour (worn)
 t - a +0 buckler
Magical Staves
 l - a staff of air
Jewellery
 n - a ring of protection from fire (left hand)
Scrolls
 b - a scroll of butterflies
 e - a scroll of immolation {unknown}
 f - a scroll of fog {unknown}
 i - a scroll of acquirement {unknown}
 j - 2 scrolls of identify {unknown}
 p - 3 scrolls of teleportation {unknown}
 q - 2 scrolls of amnesia {unknown}
 u - a scroll of fear {unknown}
 v - a scroll of poison {unknown}
Potions
 g - a potion of enlightenment {unknown}
 k - a potion of curing {unknown}
 o - 2 potions of mutation {unknown}
 r - a potion of degeneration {unknown}


   Skills:
 + Level 2.4 Fighting
 + Level 0.1 Long Blades
 + Level 0.2 Axes
 - Level 0.1(0.2) Maces & Flails
 - Level 3.7 Ranged Weapons
 + Level 1.6 Armour
 + Level 2.4 Dodging
 - Level 0.7 Stealth
 * Level 1.6 Spellcasting
 * Level 1.6 Conjurations
 * Level 1.6 Hexes
 * Level 1.6 Summonings
 * Level 1.6 Necromancy
 * Level 1.6 Translocations
 * Level 1.6 Transmutations
 * Level 1.6 Fire Magic
 * Level 1.6 Ice Magic
 * Level 1.6 Air Magic
 * Level 1.6 Earth Magic
 * Level 1.6 Poison Magic


You knew the following spells:

 Your Spells              Type           Power      Damage    Failure   Level
a - Magic Dart            Conj           16%        1d3       19%         1
b - Call Imp              Summ           8%         N/A       28%         2
Your spell library was empty.

Dungeon Overview and Level Annotations

Branches:
Dungeon (4/15)
 Temple: D:4-7

Altars:
Trog

Shops:
D:1 ?   D:2 !   D:3 (


Innate Abilities, Weirdness & Mutations

You are immune to sickness and miasma.
You are immune to poison.
Your flesh is very heat resistant. (rF++)
You are vulnerable to cold. (rC-)
You float through the air rather than walking.
You learn spells naturally, not from books.
Your magical power is your life essence.
You have superior vitality. (+4 MHP)


Message History

The gnoll shouts!
The gnoll shouts!
The gnoll hits you from afar with a +0 spear.
There is a stone staircase leading up here.
The gnoll misses you.
The gnoll hits you from afar with a +0 spear.
The gnoll hits you from afar with a +0 spear!
* * * LOW HITPOINT WARNING * * *
You fly upwards.
There is a stone staircase leading down here.
Unknown command.
Casting: Magic Dart (safe; 19% risk of failure)
Confirm with . or Enter, or press ? or * to list all spells.
A tiny devil pulls itself out of the air.
* * * LOW HITPOINT WARNING * * *
The gnoll barely misses you.
Your cerulean imp closely misses the gnoll.
You see here a +0 dagger.
You hit the gnoll.
The gnoll is lightly wounded.
The gnoll hits you with a +0 flail.
* * * LOW HITPOINT WARNING * * *
Your cerulean imp hits the gnoll from afar with a -4 spear.
The gnoll misses you.
Your cerulean imp closely misses the gnoll.
You hit the gnoll but do no damage.
The gnoll is moderately wounded.
The gnoll closely misses you.
Your cerulean imp hits the gnoll from afar with a -4 spear.
The gnoll hits you with a +0 flail.
* * * LOW HITPOINT WARNING * * *
Your cerulean imp barely misses the gnoll.
You aren't carrying any items that you can evoke.
Okay, then.
You hit the gnoll but do no damage.
The gnoll is heavily wounded.
The gnoll barely misses you.
Your cerulean imp hits the gnoll from afar with a -4 spear.
The gnoll hits you with a +0 flail.
You die...

#.######.###...........
#.........##...........
#..#####..##...........
#..# #...............
#..# #...#...........
#..# #...............
#..# #..##...........
#..#####..##...........
#.....@g...............
#.##.##....#...).......
#.##.##.5..............
#......................
#.##.###.#.............
#.##.# #.##............
#.##.# #.###...........
##.##.#
#...............
#.....#
#####...........


You could see a gnoll (ally target) and a friendly cerulean imp (summoned).

Vanquished Creatures
  A gnoll (D:4)
  2 adders (D:2)
  3 worms
  7 bats
  5 endoplasms
  3 giant cockroaches
  6 goblins
  8 hobgoblins
  4 jackals (D:2)
  3 quokkas
  7 ball pythons
  2 frilled lizards (D:3)
  5 kobolds
  8 rats
64 creatures vanquished.

Notes
Turn   | Place    | Note
-------+----------+-------------------------------------------
     0 | D:1      | lyrin the Djinni Hunter began the quest for the Orb.
     0 | D:1      | Reached XP level 1. HP: 18/18 MP: 0/0
     0 | D:1      | Noticed an ice dragon
     1 | D:1      | Noticed a shadow dragon
     4 | D:1      | Noticed a large abomination
     4 | D:1      | Noticed an ice dragon
     6 | D:1      | Noticed a shadow dragon
     7 | D:1      | Noticed an ice dragon
     8 | D:1      | Noticed a tentacled monstrosity
     9 | D:1      | Noticed an ice dragon
    11 | D:1      | Noticed an iron dragon
    11 | D:1      | Noticed a golden dragon
    14 | D:1      | Noticed a shadow dragon
    16 | D:1      | Noticed a shadow dragon
    18 | D:1      | Noticed a tentacled monstrosity
    18 | D:1      | Noticed a tentacled monstrosity
    18 | D:1      | Noticed a large abomination
    20 | D:1      | Noticed an ice dragon
    22 | D:1      | Noticed a tentacled monstrosity
   242 | D:1      | Reached XP level 2. HP: 21/23 MP: 0/0
   449 | D:1      | Found Imohaj's Magic Scroll Boutique.
   763 | D:2      | Reached XP level 3. HP: 28/28 MP: 0/0
   763 | D:2      | Learned a level 1 spell: Magic Dart
   817 | D:2      | Identified the +4 hand axe of Massacring {freeze, Int+4
                  | Dex+4}
  1022 | D:2      | Found Titt's Distillery.
  1387 | D:2      | Reached XP level 4. HP: 32/34 MP: 0/0
  1546 | D:2      | Reached skill level 1 in Armour
  1546 | D:2      | Reached skill level 1 in Spellcasting
  1546 | D:2      | Reached skill level 1 in Conjurations
  1546 | D:2      | Reached skill level 1 in Hexes
  1546 | D:2      | Reached skill level 1 in Summonings
  1546 | D:2      | Reached skill level 1 in Necromancy
  1546 | D:2      | Reached skill level 1 in Translocations
  1546 | D:2      | Reached skill level 1 in Transmutations
  1546 | D:2      | Reached skill level 1 in Fire Magic
  1546 | D:2      | Reached skill level 1 in Ice Magic
  1546 | D:2      | Reached skill level 1 in Air Magic
  1546 | D:2      | Reached skill level 1 in Earth Magic
  1546 | D:2      | Reached skill level 1 in Poison Magic
  2156 | D:3      | Found Citagorph's Weapon Shop.
  2837 | D:3      | Noticed a moth of wrath
  2840 | D:3      | Found a bloodstained altar of Trog.
  3370 | D:4      | Reached XP level 5. HP: 20/39 MP: 0/0
  3370 | D:4      | Learned a level 2 spell: Call Imp
  3392 | D:3      | Slain by a gnoll

Illustrated notes

Levels and vault maps discovered:
D:1:      shiori_arrival_whats_in_store_for_you, layout_loops_ring,
          serial_shops, shop
D:2:      layout_loops_ring, serial_shops, nicolae_shop_statue_plus
D:3:      layout_basic, tgw_trog, serial_shops,
          nicolae_shop_temple_entry_statues_fountains, wad_floor_pattern_2,
          nicolae_eternal_life
D:4:      nicolae_cairo_tiling_large_dashed, layout_basic,
          overflow_temple_1_default, serial_shops, nicolae_shop_behind_doors,
          uniq_crazy_yiuf_cottage

Skill      XL: |  1  2  3  4 |
---------------+-------------+-----
Armour         | 1 |  1.6
Spellcasting   | 1 |  1.6
Conjurations   | 1 |  1.6
Hexes          | 1 |  1.6
Summonings     | 1 |  1.6
Necromancy     | 1 |  1.6
Translocations | 1 |  1.6
Transmutations | 1 |  1.6
Fire Magic     | 1 |  1.6
Ice Magic      | 1 |  1.6
Air Magic      | 1 |  1.6
Earth Magic    | 1 |  1.6
Poison Magic   | 1 |  1.6
Fighting       | |  2.4
Long Blades    | |  0.1
Axes           | |  0.2
Maces & Flails | |  0.1
Ranged Weapons | |  3.7
Dodging        | |  2.4
Stealth        | |  0.7

Action                     |  1- 3 |  4- 6 || total
---------------------------+-------+-------++-------
  Melee: Hand axe          |    13 |     7 ||    20
         Falchion          |       |    12 ||    12
         Whip              |       |     4 ||     4
   Fire: Shortbow          |    51 |       ||    51
   Cast: Magic Dart        |    36 |    94 ||   130
         Call Imp          |       |     1 ||     1
   Stab: Sleeping          |       |     1 ||     1
 Armour: Leather armour    |    10 |    13 ||    23
  Dodge: Dodged            |    33 |    48 ||    81

Table legend: (Time is in decaauts)
 A = Elapsed time spent in this place.
 B = Non-inter-level travel time spent in this place.
 C = Inter-level travel time spent in this place.
 D = Time resting spent in this place.
 E = Time spent auto-exploring this place.
 F = Levels seen in this place.
 G = Mean time per level.
                   A        B        C        D        E       F      G
               +--------+--------+--------+--------+--------+-----+--------+
         Total |   3421 |   3297 |    124 |    385 |   2312 |   4 |  855.2 |
       Dungeon |   3421 |   3297 |    124 |    385 |   2312 |   4 |  855.2 |
               +--------+--------+--------+--------+--------+-----+--------+

Top non-repeatable levels by time:
     D:2: 1301 daAuts
     D:3: 1203 daAuts
     D:1: 756 daAuts
     D:4: 160 daAuts
